 Dungeon Crawl Stone Soup version 0.29.1-13-g9f3cf754e1 (webtiles) character file.

Game seed: 15956024929463517386

32 DemonSlayer the Digger (level 3, 0/24 HPs)
             Began as a Demonspawn Earth Elementalist on Jan 26, 2023.
             Slain by Terence
             ... wielding a +0 trident
              (9 damage)
             ... on level 2 of the Dungeon.
             The game lasted 00:01:42 (1434 turns).

DemonSlayer the Digger (DsEE)                       Turns: 1434, Time: 00:01:43

Health: 0/24       AC:  2    Str: 10    XL:     3   Next: 8%
Magic:  6/6        EV: 12    Int: 16    God:
Gold:   47         SH:  0    Dex: 13    Spells: 6/7 levels left

rFire   . . .      SeeInvis .   d - +0 war axe
rCold   . . .      Faith    .   (no shield)
rNeg    . . .      Spirit   .   a - +0 robe
rPois   +          Reflect  .   (no helmet)
rElec   .          Harm     .   j - scarf {shadows}
rCorr   .          Rampage  .   (no gloves)
Will    .....                   (no boots)
Stlth   ++........              (no amulet)
HPRegen 0.08/turn               e - ring of poison resistance
MPRegen 0.10/turn               (no ring)

@: no status effects
A: claws 1, hooves 1
a: no special abilities


You were on level 2 of the Dungeon.
You visited 1 branch of the dungeon, and saw 2 of its levels.

You collected 47 gold pieces.

Inventory:

Hand Weapons
 d - a +0 war axe (weapon)
Armour
 a - a +0 robe (worn)
 j - a scarf of shadows (worn)
Jewellery
 e - a ring of poison resistance (left claw)
 i - a ring of wizardry
Scrolls
 c - 2 scrolls of identify {unknown}
 g - 2 scrolls of teleportation {unknown}
 h - a scroll of amnesia {unknown}
 k - a scroll of enchant armour {unknown}
 l - a scroll of immolation {unknown}
Potions
 b - a potion of magic
 f - a potion of flight {unknown}
 m - a potion of resistance {unknown}


   Skills:
 + Level 0.1 Axes
 + Level 2.0 Dodging
 + Level 2.0 Stealth
 + Level 2.6 Spellcasting
 + Level 0.8 Transmutations
 + Level 3.1 Earth Magic


You had 6 spell levels left.
You knew the following spells:

 Your Spells              Type           Power      Damage    Failure   Level
a - Sandblast             Erth           24%        2d8       5%          1

Your spell library contained the following spells:

 Spells                   Type           Power      Damage    Failure   Level
 Passwall                 Tmut/Erth      6%         N/A       13%         2
 Stone Arrow              Conj/Erth      14%        3d7       30%         3
 Petrify                  Tmut/Erth      8%         N/A       63%         4


Dungeon Overview and Level Annotations

Branches:
Dungeon (2/15)

Altars:

Annotations:
D:2 Terence


Innate Abilities, Weirdness & Mutations

You have sharp fingernails.
You have large cloven feet.


Message History

You can't see any susceptible monsters within range! (Use Z to cast anyway.)
Found a ring mail.
The bat hits you but does no damage.
The blast of sand misses the bat.
The bat closely misses you. x2
You hit the bat.
You kill the bat!
You can't see any susceptible monsters within range! (Use Z to cast anyway.) No target in view!
You can't see any susceptible monsters within range! (Use Z to cast anyway.) No target in view!
You can't see any susceptible monsters within range! (Use Z to cast anyway.)
You see here a bat corpse.
m - a glowing white potion You see here a +0 ring mail.
Terence the Incautious comes into view.
He is wielding a +0 trident and wearing a +0 chain mail of fire resistance.
Terence is nearby!
Terence is nearby!
The blast of sand hits Terence but does no damage.
Terence shouts!
Terence closely misses you.
You hit Terence. You kick Terence, but do no damage.
Terence is lightly wounded.
Terence misses you.
You hit Terence but do no damage.
Terence is lightly wounded.
Terence hits you with a +0 trident.
Terence bares his teeth.
Terence hits you with a +0 trident.
You hit Terence.
Terence is moderately wounded.
Terence closely misses you.
You hit Terence. Your kick misses Terence.
Terence is moderately wounded.
Terence closely misses you. Terence completely misses you.
You barely miss Terence. You kick Terence, but do no damage.
Terence is moderately wounded.
Terence hits you with a +0 trident!
You hit Terence.
Terence is heavily wounded.
Terence barely misses you. Terence hits you with a +0 trident!
You die...

#########
.....@@.#
#######.#
..#.....#
#.#.##### .#
#.#.# .. #.#.#
#.###.#.# #.
###.....#.#####.
# #.
........#.......
#.#.


You could see Terence.

Vanquished Creatures
  A dart slug (D:1)
  4 ball pythons
  3 endoplasms
  A giant cockroach (D:1)
  4 goblins (D:1)
  2 hobgoblins
  A quokka (D:1)
  5 bats
  A frilled lizard (D:1)
  2 kobolds
  A rat (D:1)
25 creatures vanquished.

Notes
Turn   | Place    | Note
-------+----------+-------------------------------------------
     0 | D:1      | DemonSlayer the Demonspawn Earth Elementalist began the
                  | quest for the Orb.
     0 | D:1      | Reached XP level 1. HP: 13/13 MP: 3/3
   184 | D:1      | Found a faded altar of an unknown god.
   538 | D:1      | Discovered your monstrous ancestry.
   538 | D:1      | Gained mutation: You have sharp fingernails. [demonic
                  | ancestry]
   538 | D:1      | Reached XP level 2. HP: 19/19 MP: 3/5
   657 | D:1      | Reached skill level 3 in Earth Magic
  1244 | D:2      | Gained mutation: You have large cloven feet. [demonic
                  | ancestry]
  1244 | D:2      | Reached XP level 3. HP: 24/24 MP: 4/6
  1426 | D:2      | Noticed Terence
  1434 | D:2      | Slain by Terence

Illustrated notes

Levels and vault maps discovered:
D:1:      dpeg_arrival_arbitrary_b, layout_basic, ebering_ecumenical_altar_box,
          grunt_decor_one_mirror, chequers_decorated_corner,
          minmay_misc_feat_encased
D:2:      layout_basic, minmay_pentomino_u2, uniq_terence

Skill      XL: |  1  2 |
---------------+-------+-----
Stealth        | 2 |  2.0
Earth Magic    | 3 |  3.1
Dodging        | 2 |  2.0
Axes           | |  0.1
Spellcasting   | |  2.6
Transmutations | |  0.8

Action                   || total
-------------------------++-------
Melee: War axe           ||    15
       Kick              ||     2
 Cast: Sandblast         ||    29
 Stab: Sleeping          ||     1
Armor: Robe              ||     4
Dodge: Dodged            ||    17
